Workbook

Sheet 法非適用_下水道事業
B2: 経営比較分析表
B6: =データ!H6 -> 千葉県 旭市
B7: 業務名 | I7: 業種名 | P7: 事業名 | W7: 類似団体区分 | AL7: 人口（人） | AT7: 面積(km2) | BB7: 人口密度(人/km2) | BL7: グラフ凡例
B8: =データ!I6 -> 法非適用 | I8: =データ!J6 -> 下水道事業 | P8: =データ!K6 -> 公共下水道 | W8: =データ!L6 -> Cc2 | AL8: =データ!R6 -> 67598 | AT8: =データ!S6 -> 130.45 | BB8: =データ!T6 -> 518.19 | BL8: ■ | BN8: 当該団体値（当該値）
B9: 資金不足比率(％) | I9: 自己資本構成比率(％) | P9: 普及率(％) | W9: 有収率(％) | AD9: 1か月20ｍ3当たり家庭料金(円) | AL9: 処理区域内人口(人) | AT9: 処理区域面積(km2) | BB9: 処理区域内人口密度(人/km2) | BL9: － | BN9: 類似団体平均値（平均値）
B10: =データ!M6 -> - | I10: =データ!N6 -> 該当数値なし | P10: =データ!O6 -> 9.79 | W10: =データ!P6 -> 80.99 | AD10: =データ!Q6 -> 2700 | AL10: =データ!U6 -> 6602 | AT10: =データ!V6 -> 2.02 | BB10: =データ!W6 -> 3268.32 | BL10: 【】 | BN10: 平成27年度全国平均
BL11: 分析欄
B14: 1. 経営の健全性・効率性 | BL14: 1. 経営の健全性・効率性について
BL16: ①収益的収支比率、⑤経費回収率は100％を下回っており、不足分を一般会計繰入金等により補っている状況にある。 ⑥汚水処理原価が類似団体平均値より高額であること及び⑦の施設利用率が低くなっている要因は、⑧の水洗化率が低い水準に留まっていることが原因となっている。 ④の企業債残高対事業規模比率については、類似団体と比較して低い状態であり、概ね全国平均と同じ水準となっている。 まとめとして、水洗化率が低い水準であり、収入が少ない状態となっている。また施設建設等の投資に係る起債償還もあることから、不足分については一般会計繰入金等に依存した状態になっている。この状態を改善していくため、未接続世帯、事業所などへの普及を促進し、水洗化率の向上を目指し、収入の増加を図る必要がある。
C34: 「単年度の収支」 | R34: 「累積欠損」 | AG34: 「支払能力」 | AV34: 「債務残高」
BL45: 2. 老朽化の状況について
BL47: 本市の下水道施設は平成6年度より建設を開始し、平成11年度末から供用を開始している。建設時からの期間が短いため、一部の施設では修繕や更新を行っているものの、大規模な改築費用等は少ない状態となっている。今後も下水道事業が安定的に持続できるよう、計画的・効率的な点検整備に取り組んでいく。
C56: 「料金水準の適切性」 | R56: 「費用の効率性」 | AG56: 「施設の効率性」 | AV56: 「使用料対象の捕捉」
B60: 2. 老朽化の状況
BL64: 全体総括
BL66: 経営については、一般会計からの繰入金等に依存している状態であるが、未接続世帯等への普及を促進し収入の増加を図る。また下水道使用料の改定についても必要に応じて検討し、経営の健全化に取り組む。 施設の老朽化対策については、持続可能な下水道事業の実現を目的に、施設を計画的かつ効率的に管理・点検・改築等を行うストックマネジメントを策定し、維持管理を行っていく。
C79: 「施設全体の減価償却の状況」 | W79: 「管渠の経年化の状況」 | AQ79: 「管渠の更新投資・老朽化対策の実施状況」
C83: ※ 法適用企業と類似団体区分が同じため、収益的収支比率の類似団体平均等を表示していません。
C84: ※ 平成23年度から平成25年度における各指標の類似団体平均値は、当時の事業数を基に算出していますが、企業債残高対事業規模比率及び管渠改善率については、平成26年度の事業数を基に類似団体平均値を算出しています。

Sheet データ
A1: 下水道事業(法非適用) | X1: 1 | Y1: 1 | Z1: 1 | AA1: 1 | AB1: 1 | AC1: 1 | AD1: 1 | AE1: 1 | AF1: 1 | AG1: 1 | AI1: 1 | AJ1: 1 | AK1: 1 | AL1: 1 | AM1: 1 | AN1: 1 | AO1: 1 | AP1: 1 | AQ1: 1 | AR1: 1 | AT1: 1 | AU1: 1 | AV1: 1 | AW1: 1 | AX1: 1 | AY1: 1 | AZ1: 1 | BA1: 1 | BB1: 1 | BC1: 1 | BE1: 1 | BF1: 1 | BG1: 1 | BH1: 1 | BI1: 1 | BJ1: 1 | BK1: 1 | BL1: 1 | BM1: 1 | BN1: 1 | BP1: 1 | BQ1: 1 | BR1: 1 | BS1: 1 | BT1: 1 | BU1: 1 | BV1: 1 | BW1: 1 | BX1: 1 | BY1: 1 | CA1: 1 | CB1: 1 | CC1: 1 | CD1: 1 | CE1: 1 | CF1: 1 | CG1: 1 | CH1: 1 | CI1: 1 | CJ1: 1 | CL1: 1 | CM1: 1 | CN1: 1 | CO1: 1 | CP1: 1 | CQ1: 1 | CR1: 1 | CS1: 1 | CT1: 1 | CU1: 1 | CW1: 1 | CX1: 1 | CY1: 1 | CZ1: 1 | DA1: 1 | DB1: 1 | DC1: 1 | DD1: 1 | DE1: 1 | DF1: 1 | DH1: 1 | DI1: 1 | DJ1: 1 | DK1: 1 | DL1: 1 | DM1: 1 | DN1: 1 | DO1: 1 | DP1: 1 | DQ1: 1 | DS1: 1 | DT1: 1 | DU1: 1 | DV1: 1 | DW1: 1 | DX1: 1 | DY1: 1 | DZ1: 1 | EA1: 1 | EB1: 1 | ED1: 1 | EE1: 1 | EF1: 1 | EG1: 1 | EH1: 1 | EI1: 1 | EJ1: 1 | EK1: 1 | EL1: 1 | EM1: 1
A2: 項番 | B2: =COLUMN()-1 -> 1 | C2: =COLUMN()-1 -> 2 | D2: =COLUMN()-1 -> 3 | E2: =COLUMN()-1 -> 4 | F2: =COLUMN()-1 -> 5 | G2: =COLUMN()-1 -> 6 | H2: =COLUMN()-1 -> 7 | I2: =COLUMN()-1 -> 8 | ... EN2: =COLUMN()-1 -> 143
A3: 大項目 | B3: 年度 | C3: 団体CD | D3: 業務CD | E3: 業種CD | F3: 事業CD | G3: 施設CD | H3: 基本情報 | X3: 1. 経営の健全性・効率性 | DH3: 2. 老朽化の状況
A4: 中項目 | X4: ①収益的収支比率(％) | AI4: ②累積欠損金比率(％) | AT4: ③流動比率(％) | BE4: ④企業債残高対事業規模比率(％) | BP4: ⑤経費回収率(％) | CA4: ⑥汚水処理原価(円) | CL4: ⑦施設利用率(％) | CW4: ⑧水洗化率(％) | DH4: ①有形固定資産減価償却率(％) | DS4: ②管渠老朽化率(％) | ED4: ③管渠改善率(％)
A5: 小項目 | H5: 都道府県名 | I5: 法適・法非適 | J5: 業種名称 | K5: 事業名称 | L5: 類似団体 | M5: 資金不足比率 | N5: 自己資本構成比率 | O5: 普及率 | P5: 有収率 | Q5: 1ヶ月20㎥当たり家庭料金 | R5: 人口 | S5: 面積 | T5: 人口密度 | U5: 処理区域内人口 | V5: 処理区域面積 | W5: 処理区域内人口密度 | X5: 比率(N-4) | Y5: 比率(N-3) | Z5: 比率(N-2) | AA5: 比率(N-1) | AB5: 比率(N) | AC5: 類似団体平均(N-4) | AD5: 類似団体平均(N-3) | AE5: 類似団体平均(N-2) | AF5: 類似団体平均(N-1) | AG5: 類似団体平均(N) | AH5: 全国平均 | AI5: 比率(N-4) | AJ5: 比率(N-3) | AK5: 比率(N-2) | AL5: 比率(N-1) | AM5: 比率(N) | AN5: 類似団体平均(N-4) | AO5: 類似団体平均(N-3) | AP5: 類似団体平均(N-2) | AQ5: 類似団体平均(N-1) | AR5: 類似団体平均(N) | AS5: 全国平均 | AT5: 比率(N-4) | AU5: 比率(N-3) | AV5: 比率(N-2) | AW5: 比率(N-1) | AX5: 比率(N) | AY5: 類似団体平均(N-4) | AZ5: 類似団体平均(N-3) | BA5: 類似団体平均(N-2) | BB5: 類似団体平均(N-1) | BC5: 類似団体平均(N) | BD5: 全国平均 | BE5: 比率(N-4) | BF5: 比率(N-3) | BG5: 比率(N-2) | BH5: 比率(N-1) | BI5: 比率(N) | BJ5: 類似団体平均(N-4) | BK5: 類似団体平均(N-3) | BL5: 類似団体平均(N-2) | BM5: 類似団体平均(N-1) | BN5: 類似団体平均(N) | BO5: 全国平均 | BP5: 比率(N-4) | BQ5: 比率(N-3) | BR5: 比率(N-2) | BS5: 比率(N-1) | BT5: 比率(N) | BU5: 類似団体平均(N-4) | BV5: 類似団体平均(N-3) | BW5: 類似団体平均(N-2) | BX5: 類似団体平均(N-1) | BY5: 類似団体平均(N) | BZ5: 全国平均 | CA5: 比率(N-4) | CB5: 比率(N-3) | CC5: 比率(N-2) | CD5: 比率(N-1) | CE5: 比率(N) | CF5: 類似団体平均(N-4) | CG5: 類似団体平均(N-3) | CH5: 類似団体平均(N-2) | CI5: 類似団体平均(N-1) | CJ5: 類似団体平均(N) | CK5: 全国平均 | CL5: 比率(N-4) | CM5: 比率(N-3) | CN5: 比率(N-2) | CO5: 比率(N-1) | CP5: 比率(N) | CQ5: 類似団体平均(N-4) | CR5: 類似団体平均(N-3) | CS5: 類似団体平均(N-2) | CT5: 類似団体平均(N-1) | CU5: 類似団体平均(N) | CV5: 全国平均 | CW5: 比率(N-4) | CX5: 比率(N-3) | CY5: 比率(N-2) | CZ5: 比率(N-1) | DA5: 比率(N) | DB5: 類似団体平均(N-4) | DC5: 類似団体平均(N-3) | DD5: 類似団体平均(N-2) | DE5: 類似団体平均(N-1) | DF5: 類似団体平均(N) | DG5: 全国平均 | DH5: 比率(N-4) | DI5: 比率(N-3) | DJ5: 比率(N-2) | DK5: 比率(N-1) | DL5: 比率(N) | DM5: 類似団体平均(N-4) | DN5: 類似団体平均(N-3) | DO5: 類似団体平均(N-2) | DP5: 類似団体平均(N-1) | DQ5: 類似団体平均(N) | DR5: 全国平均 | DS5: 比率(N-4) | DT5: 比率(N-3) | DU5: 比率(N-2) | DV5: 比率(N-1) | DW5: 比率(N) | DX5: 類似団体平均(N-4) | DY5: 類似団体平均(N-3) | DZ5: 類似団体平均(N-2) | EA5: 類似団体平均(N-1) | EB5: 類似団体平均(N) | EC5: 全国平均 | ED5: 比率(N-4) | EE5: 比率(N-3) | EF5: 比率(N-2) | EG5: 比率(N-1) | EH5: 比率(N) | EI5: 類似団体平均(N-4) | EJ5: 類似団体平均(N-3) | EK5: 類似団体平均(N-2) | EL5: 類似団体平均(N-1) | EM5: 類似団体平均(N) | EN5: 全国平均
A6: 参照用 | B6: =B7 -> 2015 | C6: =C7 -> 122157 | D6: =D7 -> 47 | E6: =E7 -> 17 | F6: =F7 -> 1 | G6: =G7 -> 0 | H6: =H7 -> 千葉県 旭市 | I6: =I7 -> 法非適用 | ... W6: =W7 -> 3268.32 | X6: =IF(X7="",NA(),X7) -> 94.23 | Y6: =IF(Y7="",NA(),Y7) -> 91.65 | Z6: =IF(Z7="",NA(),Z7) -> 86.34 | AA6: =IF(AA7="",NA(),AA7) -> 91.96 | AB6: =IF(AB7="",NA(),AB7) -> 85.6 | AC6: =IF(AC7="",NA(),AC7) -> #N/A | AD6: =IF(AD7="",NA(),AD7) -> #N/A | AE6: =IF(AE7="",NA(),AE7) -> #N/A | ... AG6: =IF(AG7="",NA(),AG7) -> #N/A | AH6: =IF(AH7="","",IF(AH7="-","【-】","【"&SUBSTITUTE(TEXT(AH7,"#,##0.00"),"-","△")&"】")) | AI6: =IF(AI7="",NA(),AI7) -> #N/A | AJ6: =IF(AJ7="",NA(),AJ7) -> #N/A | AK6: =IF(AK7="",NA(),AK7) -> #N/A | AL6: =IF(AL7="",NA(),AL7) -> #N/A | AM6: =IF(AM7="",NA(),AM7) -> #N/A | AN6: =IF(AN7="",NA(),AN7) -> #N/A | AO6: =IF(AO7="",NA(),AO7) -> #N/A | AP6: =IF(AP7="",NA(),AP7) -> #N/A | ... AR6: =IF(AR7="",NA(),AR7) -> #N/A | AS6: =IF(AS7="","",IF(AS7="-","【-】","【"&SUBSTITUTE(TEXT(AS7,"#,##0.00"),"-","△")&"】")) | AT6: =IF(AT7="",NA(),AT7) -> #N/A | AU6: =IF(AU7="",NA(),AU7) -> #N/A | AV6: =IF(AV7="",NA(),AV7) -> #N/A | AW6: =IF(AW7="",NA(),AW7) -> #N/A | AX6: =IF(AX7="",NA(),AX7) -> #N/A | AY6: =IF(AY7="",NA(),AY7) -> #N/A | AZ6: =IF(AZ7="",NA(),AZ7) -> #N/A | BA6: =IF(BA7="",NA(),BA7) -> #N/A | ... BC6: =IF(BC7="",NA(),BC7) -> #N/A | BD6: =IF(BD7="","",IF(BD7="-","【-】","【"&SUBSTITUTE(TEXT(BD7,"#,##0.00"),"-","△")&"】")) | BE6: =IF(BE7="",NA(),BE7) -> 691.96 | BF6: =IF(BF7="",NA(),BF7) -> 701.66 | BG6: =IF(BG7="",NA(),BG7) -> 416.24 | BH6: =IF(BH7="",NA(),BH7) -> 728.82 | BI6: =IF(BI7="",NA(),BI7) -> 802.24 | BJ6: =IF(BJ7="",NA(),BJ7) -> 1749.66 | BK6: =IF(BK7="",NA(),BK7) -> 1574.53 | BL6: =IF(BL7="",NA(),BL7) -> 1506.51 | ... BN6: =IF(BN7="",NA(),BN7) -> 1118.56 | BO6: =IF(BO7="","",IF(BO7="-","【-】","【"&SUBSTITUTE(TEXT(BO7,"#,##0.00"),"-","△")&"】")) -> 【763.62】 | BP6: =IF(BP7="",NA(),BP7) -> 33.43 | BQ6: =IF(BQ7="",NA(),BQ7) -> 37.18 | BR6: =IF(BR7="",NA(),BR7) -> 48.53 | BS6: =IF(BS7="",NA(),BS7) -> 44.35 | BT6: =IF(BT7="",NA(),BT7) -> 44.41 | BU6: =IF(BU7="",NA(),BU7) -> 54.46 | BV6: =IF(BV7="",NA(),BV7) -> 57.36 | BW6: =IF(BW7="",NA(),BW7) -> 57.33 | ... BY6: =IF(BY7="",NA(),BY7) -> 72.33 | BZ6: =IF(BZ7="","",IF(BZ7="-","【-】","【"&SUBSTITUTE(TEXT(BZ7,"#,##0.00"),"-","△")&"】")) -> 【98.53】 | CA6: =IF(CA7="",NA(),CA7) -> 470.75 | CB6: =IF(CB7="",NA(),CB7) -> 441.77 | CC6: =IF(CC7="",NA(),CC7) -> 371.15 | CD6: =IF(CD7="",NA(),CD7) -> 403.37 | CE6: =IF(CE7="",NA(),CE7) -> 399.56 | CF6: =IF(CF7="",NA(),CF7) -> 293.09 | CG6: =IF(CG7="",NA(),CG7) -> 279.91 | CH6: =IF(CH7="",NA(),CH7) -> 284.53 | ... CJ6: =IF(CJ7="",NA(),CJ7) -> 215.28 | CK6: =IF(CK7="","",IF(CK7="-","【-】","【"&SUBSTITUTE(TEXT(CK7,"#,##0.00"),"-","△")&"】")) -> 【139.70】 | CL6: =IF(CL7="",NA(),CL7) -> 21.24 | CM6: =IF(CM7="",NA(),CM7) -> 22.73 | CN6: =IF(CN7="",NA(),CN7) -> 27.89 | CO6: =IF(CO7="",NA(),CO7) -> 28.02 | CP6: =IF(CP7="",NA(),CP7) -> 28.29 | CQ6: =IF(CQ7="",NA(),CQ7) -> 38.95 | CR6: =IF(CR7="",NA(),CR7) -> 40.07 | CS6: =IF(CS7="",NA(),CS7) -> 39.92 | ... CU6: =IF(CU7="",NA(),CU7) -> 54.67 | CV6: =IF(CV7="","",IF(CV7="-","【-】","【"&SUBSTITUTE(TEXT(CV7,"#,##0.00"),"-","△")&"】")) -> 【60.01】 | CW6: =IF(CW7="",NA(),CW7) -> 56.03 | CX6: =IF(CX7="",NA(),CX7) -> 57.41 | CY6: =IF(CY7="",NA(),CY7) -> 57.74 | CZ6: =IF(CZ7="",NA(),CZ7) -> 60.18 | DA6: =IF(DA7="",NA(),DA7) -> 62.42 | DB6: =IF(DB7="",NA(),DB7) -> 65.6 | DC6: =IF(DC7="",NA(),DC7) -> 66 | DD6: =IF(DD7="",NA(),DD7) -> 65.86 | ... DF6: =IF(DF7="",NA(),DF7) -> 83.8 | DG6: =IF(DG7="","",IF(DG7="-","【-】","【"&SUBSTITUTE(TEXT(DG7,"#,##0.00"),"-","△")&"】")) -> 【94.73】 | DH6: =IF(DH7="",NA(),DH7) -> #N/A | DI6: =IF(DI7="",NA(),DI7) -> #N/A | DJ6: =IF(DJ7="",NA(),DJ7) -> #N/A | DK6: =IF(DK7="",NA(),DK7) -> #N/A | DL6: =IF(DL7="",NA(),DL7) -> #N/A | DM6: =IF(DM7="",NA(),DM7) -> #N/A | DN6: =IF(DN7="",NA(),DN7) -> #N/A | DO6: =IF(DO7="",NA(),DO7) -> #N/A | ... DQ6: =IF(DQ7="",NA(),DQ7) -> #N/A | DR6: =IF(DR7="","",IF(DR7="-","【-】","【"&SUBSTITUTE(TEXT(DR7,"#,##0.00"),"-","△")&"】")) | DS6: =IF(DS7="",NA(),DS7) -> #N/A | DT6: =IF(DT7="",NA(),DT7) -> #N/A | DU6: =IF(DU7="",NA(),DU7) -> #N/A | DV6: =IF(DV7="",NA(),DV7) -> #N/A | DW6: =IF(DW7="",NA(),DW7) -> #N/A | DX6: =IF(DX7="",NA(),DX7) -> #N/A | DY6: =IF(DY7="",NA(),DY7) -> #N/A | DZ6: =IF(DZ7="",NA(),DZ7) -> #N/A | ... EB6: =IF(EB7="",NA(),EB7) -> #N/A | EC6: =IF(EC7="","",IF(EC7="-","【-】","【"&SUBSTITUTE(TEXT(EC7,"#,##0.00"),"-","△")&"】")) | ED6: =IF(ED7="",NA(),ED7) -> 0 | EE6: =IF(EE7="",NA(),EE7) -> 0 | EF6: =IF(EF7="",NA(),EF7) -> 0 | EG6: =IF(EG7="",NA(),EG7) -> 0 | EH6: =IF(EH7="",NA(),EH7) -> 0 | EI6: =IF(EI7="",NA(),EI7) -> 0.18 | EJ6: =IF(EJ7="",NA(),EJ7) -> 0.18 | EK6: =IF(EK7="",NA(),EK7) -> 0.19 | ... EM6: =IF(EM7="",NA(),EM7) -> 0.11 | EN6: =IF(EN7="","",IF(EN7="-","【-】","【"&SUBSTITUTE(TEXT(EN7,"#,##0.00"),"-","△")&"】")) -> 【0.23】
B7: 2015 | C7: 122157 | D7: 47 | E7: 17 | F7: 1 | G7: 0 | H7: 千葉県 旭市 | I7: 法非適用 | J7: 下水道事業 | K7: 公共下水道 | L7: Cc2 | M7: - | N7: 該当数値なし | O7: 9.79 | P7: 80.99 | Q7: 2700 | R7: 67598 | S7: 130.45 | T7: 518.19 | U7: 6602 | V7: 2.02 | W7: 3268.32 | X7: 94.23 | Y7: 91.65 | Z7: 86.34 | AA7: 91.96 | AB7: 85.6 | BE7: 691.96 | BF7: 701.66 | BG7: 416.24 | BH7: 728.82 | BI7: 802.24 | BJ7: 1749.66 | BK7: 1574.53 | BL7: 1506.51 | BM7: 1136.5 | BN7: 1118.56 | BO7: 763.62 | BP7: 33.43 | BQ7: 37.18 | BR7: 48.53 | BS7: 44.35 | BT7: 44.41 | BU7: 54.46 | BV7: 57.36 | BW7: 57.33 | BX7: 71.65 | BY7: 72.33 | BZ7: 98.53 | CA7: 470.75 | CB7: 441.77 | CC7: 371.15 | CD7: 403.37 | CE7: 399.56 | CF7: 293.09 | CG7: 279.91 | CH7: 284.53 | CI7: 217.82 | CJ7: 215.28 | CK7: 139.7 | CL7: 21.24 | CM7: 22.73 | CN7: 27.89 | CO7: 28.02 | CP7: 28.29 | CQ7: 38.95 | CR7: 40.07 | CS7: 39.92 | CT7: 54.44 | CU7: 54.67 | CV7: 60.01 | CW7: 56.03 | CX7: 57.41 | CY7: 57.74 | CZ7: 60.18 | DA7: 62.42 | DB7: 65.6 | DC7: 66 | DD7: 65.86 | DE7: 84.2 | DF7: 83.8 | DG7: 94.73 | ED7: 0 | EE7: 0 | EF7: 0 | EG7: 0 | EH7: 0 | EI7: 0.18 | EJ7: 0.18 | EK7: 0.19 | EL7: 0.04 | EM7: 0.11 | EN7: 0.23
B9: Ｎ－４年度 | C9: Ｎ－３年度 | D9: Ｎ－２年度 | E9: Ｎ－１年度 | F9: Ｎ年度
A10: 年度 | B10: =DATEVALUE($B$6-4&"年1月1日") -> 40544 | C10: =DATEVALUE($B$6-3&"年1月1日") -> 40909 | D10: =DATEVALUE($B$6-2&"年1月1日") -> 41275 | E10: =DATEVALUE($B$6-1&"年1月1日") -> 41640 | F10: =DATEVALUE($B$6&"年1月1日") -> 42005
